 Dungeon Crawl Stone Soup version 0.24-a0-715-g0b739ee41d (webtiles) character file.

Game seed: 17583807223446957202, levelgen mode: deterministic

258480 Qrupt the Executioner (level 19, -17/171 HPs)
             Began as a Hill Orc Abyssal Knight on Sept 23, 2019.
             Was the Champion of Lugonu.
             Killed from afar by a deep elf knight (41 damage)
             ... with a shard of ice
             ... led by an ironheart preserver
             ... on level 1 of the Vaults on Sept 30, 2019.
             The game lasted 02:20:40 (49849 turns).

Qrupt the Executioner (Hill Orc Abyssal Knight)    Turns: 49849, Time: 02:20:40

Health: -17/171    AC: 28    Str: 27    XL:     19   Next: 87%
Magic:  30/30      EV:  8    Int:  9    God:    Lugonu [******]
Gold:   2183       SH:  3    Dex: 10    Spells: 18/18 levels left

rFire    + . .     SeeInvis .   J - +4 battleaxe (freeze)
rCold    . . .     Gourm    .   (shield currently unavailable)
rNeg     . . .     Faith    .   e - +3 plate armour {rF+}
rPois    +         Spirit   .   M - +2 hat {MR+}
rElec    +         Reflect  +   q - +1 cloak of the Gloaming {rElec Str+4 Int-3 Slay+2}
rCorr    .         Harm     .   P - +0 pair of gloves
MR       +++..                  D - +0 pair of boots {run}
Stlth    ..........             E - +3 amulet of reflection
HPRegen  0.38/turn              T - ring of protection from magic
MPRegen  0.22/turn              Q - ring of poison resistance

@: heavily drained, quick
A: frail 1
}: 2/15 runes: serpentine, barnacled
a: Depart the Abyss, Bend Space, Banish, Corrupt, Enter the Abyss, Brand Weapon
With Distortion, Renounce Religion


You were on level 1 of the Vaults.
You worshipped Lugonu.
Lugonu was exalted by your worship.
You were hungry.

You visited 6 branches of the dungeon, and saw 33 of its levels.
You visited the Abyss 3 times.

You collected 3080 gold pieces.
You spent 897 gold pieces at shops.

Inventory:

Hand Weapons
 a - a +1 falchion
 h - the +3 demon blade "Duaxiad" {flame, MP+9}
   (You found it on level 9 of the Dungeon)

   It has been specially enchanted to burn those struck by it, causing extra
   injury to most foes and up to half again as much damage against particularly
   susceptible opponents.
   Big, fiery blades are also staple armaments of hydra-hunters.
   It affects your magic capacity (+9).
 J - a +4 battleaxe of freezing (weapon)
Missiles
 B - 6 throwing nets (quivered)
Armour
 d - a +0 crystal plate armour
 e - a +3 plate armour of fire resistance (worn)
 q - the +1 cloak of the Gloaming (worn) {rElec Str+4 Int-3 Slay+2}
   (You found it on level 4 of the Lair of Beasts)

   It affects your strength (+4).
   It affects your intelligence (-3).
   It affects your accuracy and damage with ranged weapons and melee attacks
   (+2).
   It insulates you from electricity.
 u - the -3 cloak "Dunuv" {rElec rN+ rCorr Str+2}
   (You found it on level 1 of the Snake Pit)

   It affects your strength (+2).
   It insulates you from electricity.
   It protects you from negative energy.
   It provides partial protection from all sources of acid and corrosion.
 D - a +0 pair of boots of running (worn)
 I - the +0 helmet "Utig" {Int+3 Dex+4}
   (You found it on level 3 of the Snake Pit)

   It affects your intelligence (+3).
   It affects your dexterity (+4).
 K - the +0 scale mail of Vullow {+Blink rF+ Dex+2 SInv}
   (You found it on level 1 of the Lair of Beasts)

   It affects your dexterity (+2).
   It protects you from fire.
   It lets you see invisible.
   It lets you blink.
 M - a +2 hat of magic resistance (worn)
 P - a +0 pair of gloves (worn)
Jewellery
 y - a +2 ring of evasion
 E - a +3 amulet of reflection (around neck)
 H - an uncursed ring of protection from cold {unknown}
 Q - a ring of poison resistance (right hand)
 T - a ring of protection from magic (left hand)
 U - an uncursed ring of protection from fire
Wands
 b - a wand of flame (26)
 i - a wand of acid (6)
 n - a wand of enslavement (10)
 w - a wand of polymorph (54)
 C - a wand of iceblast (21)
 G - a wand of paralysis (21)
 O - a wand of disintegration (30)
 Y - a wand of random effects (2)
Scrolls
 f - 11 scrolls of remove curse
 k - 7 scrolls of amnesia
 l - 4 scrolls of teleportation
 m - 2 scrolls of holy word
 p - 7 scrolls of immolation
 t - 5 scrolls of enchant armour
 x - a scroll of fog
 L - 2 scrolls of magic mapping
 V - 2 scrolls of enchant weapon
 X - a scroll of brand weapon {unknown}
 Z - 3 scrolls of identify
Potions
 g - 3 potions of brilliance
 o - a potion of might
 r - 2 potions of cancellation
 s - 7 potions of curing
 v - 7 potions of lignification
 z - 2 potions of mutation
 F - 2 potions of resistance
 N - a potion of ambrosia
 W - 4 potions of magic
Comestibles
 c - 20 rations
 j - 5 chunks of flesh


   Skills:
 + Level 21.5(17.5) Fighting
 - Level 4.0(1.4) Long Blades
 + Level 22.5(18.5) Axes
 + Level 19.8(16.0) Armour
 - Level 0.7(0.0) Dodging
 - Level 14.8(11.3) Invocations


You had 18 spell levels left.
You didn't know any spells.
Your spell library contained the following spells:

 Spells                   Type           Power        Failure   Level  Hunger
 Animate Skeleton         Necr           N/A          94%         1    ##.....
 Flame Tongue             Conj/Fire      #....        94%         1    ##.....
 Freeze                   Ice            #...         94%         1    ##.....
 Pain                     Necr           #...         94%         1    ##.....
 Sandblast                Erth           #.....       94%         1    ##.....
 Shock                    Conj/Air       #...         94%         1    ##.....
 Passwall                 Tmut/Erth      #.......     98%         2    ###....
 Swiftness                Chrm/Air       #.......     98%         2    ###....
 Throw Flame              Conj/Fire      #.....       98%         2    ###....
 Throw Frost              Conj/Ice       #.....       98%         2    ###....
 Conjure Flame            Conj/Fire      #.......     100%        3    ####...
 Inner Flame              Hex/Fire       #.......     100%        3    ####...
 Ozocubu's Armour         Chrm/Ice       #.......     100%        3    ####...
 Recall                   Summ/Tloc      N/A          100%        3    ####...
 Regeneration             Chrm/Necr      #.........   100%        3    ####...
 Static Discharge         Conj/Air       #.......     100%        3    ####...
 Stone Arrow              Conj/Erth      #.....       100%        3    ####...
 Vampiric Draining        Necr           #.........   100%        3    ####...
 Airstrike                Air            #.........   100%        4    #####..
 Animate Dead             Necr           N/A          100%        4    #####..
 Leda's Liquefaction      Hex/Erth       #.........   100%        4    #####..
 Petrify                  Tmut/Erth      #.......     100%        4    #####..
 Sticky Flame             Conj/Fire      #.......     100%        4    #####..
 Summon Ice Beast         Ice/Summ       #.......     100%        4    #####..
 Throw Icicle             Conj/Ice       #.......     100%        4    #####..
 Aura of Abjuration       Summ           #.........   100%        5    ######.
 Bolt of Magma            Conj/Fire/Erth #.........   100%        5    ######.
 Fireball                 Conj/Fire      #.........   100%        5    ######.
 Lee's Rapid Deconstruct  Erth           #.........   100%        5    ######.
 Lightning Bolt           Conj/Air       #.........   100%        5    ######.
 Summon Demon             Summ           #.........   100%        5    ######.
 Summon Forest            Summ/Tloc      #.........   100%        5    ######.
 Summon Mana Viper        Hex/Summ       #.......     100%        5    ######.
 Iron Shot                Conj/Erth      #.........   100%        6    #######
 Shadow Creatures         Summ           N/A          100%        6    #######
 Statue Form              Tmut/Erth      #........    100%        6    #######
 Malign Gateway           Summ/Tloc      #.........   100%        7    #######
 Shatter                  Erth           #.........   100%        9    #######


Dungeon Overview and Level Annotations

Branches:
Dungeon (15/15)            Temple (0/1) D:7            Lair (6/6) D:8
 Shoals (4/4) Lair:2        Snake (4/4) Lair:4          Orc (2/2) D:10
    Elf (0/3) Orc:2        Vaults (2/5) D:14         Depths (0/5) D:15
  Slime: Lair:5-6     Crypt: Vaults:2-3

Altars:
Ashenzari
Cheibriados
Dithmenos
Elyvilon
Fedhas
Gozag
Okawaru
Qazlal
Uskayaw
Vehumet
Wu Jian
Xom
The Shining One
Beogh

Shops:
D:4 =   D:15 *   Orc:2 :[*(   Shoals:1 }   Snake:3 %   Snake:4 (   Vaults:2 %

Portals:
Trove: D:13 (give +3 shadow dragon scales)

Annotations:
D:7 exclusion: oklob plant
Lair:5 3 runed translucent doors, Gicu's ghost, journeyman MiFi
Lair:6 exclusion: oklob plant
Snake:1 exclusion: ice statue
Snake:2 corrupted
Snake:4 corrupted


Innate Abilities, Weirdness & Mutations

You are frail. (-10% HP)


Message History

You freeze the vault sentinel!
You kill the vault sentinel!
Lugonu accepts your kill.
You closely miss something. Something hits you but does no damage.
You feel drained.
You slash something! You freeze something.
Something hits you but does no damage.
You feel drained.
You barely miss something.
You hear some strange, mumbled words.
A shard of ice appears from out of thin air!
The shard of ice hits you!!
* * * LOW HITPOINT WARNING * * *
You miss something.
You are feeling hungry.
Something hits you but does no damage.
You feel drained.
You completely miss something.
You hear some strange, mumbled words.
A shard of ice appears from out of thin air!
The shard of ice hits you!!!
You die...

#################################
.................................
.......(.........................
#............).................
#....((......{@(...............
#...(#'#######(................
#..))#... #.....######......
#....#..... #...### ###....
+....#cT.e...#.### ###..
#....#....p..### ###
#....#....... # c.p..#....... #
......# #


There were no monsters in sight!

Vanquished Creatures
  Boris (Vaults:2)
  Saint Roka (Orc:2)
  Rupert (Lair:5)
  Jorgrun (Snake:2)
  Gastronok (D:10)
  A kraken (Shoals:3)
  2 tentacled starspawn
  3 nagarajas
  Donald (Vaults:2)
  A frost giant (D:15)
  4 vault wardens
  A balrug (Abyss:1)
  A ghoul (Vaults:2)
  4 very ugly things
  9 ironheart preservers
  A stone giant (Orc:1)
  Nessos (Lair:4)
  Azrael (Orc:1)
  A green death (Abyss:1)
  The ghost of Nilosor the Zephyrmancer, a journeyman DrAE of Sif Muna (Lair:4)
  4 merfolk javelineers
  A deep elf death mage (Vaults:1)
  An ettin (D:10)
  A fire dragon (Vaults:2)
  9 merfolk impalers
  2 vault guards (Vaults:2)
  4 yaktaur captains
  9 naga warriors
  Erolcha (D:10)
  7 hydras
  Erica (D:8)
  3 catoblepae (Lair:6)
  9 centaur warriors
  A death knight (Vaults:2)
  4 merfolk avatars
  7 anacondas
  A satyr (Shoals:3)
  9 death yaks
  4 merfolk aquamancers
  19 two-headed ogres
  An orc high priest (Orc:2)
  7 ogre magi
  2 tengu warriors (D:15)
  3 naga sharpshooters
  Urug (D:10)
  5 thrashing horrors (Abyss:1)
  8 shock serpents
  A sun demon (Abyss:1)
  Nergalle (Lair:3)
  A deep elf knight (Vaults:1)
  2 wretched stars (Abyss:1)
  3 salamander mystics (Snake:4)
  2 unseen horrors (D:15)
  7 sea snakes
  A deep troll (Vaults:1)
  A wizard (Vaults:2)
  A deep elf archer (Vaults:1)
  5 naga ritualists
  4 ironbrand convokers (Vaults:2)
  A necromancer (Vaults:2)
  8 orc knights
  10 mana vipers
  12 ugly things
  3 orc sorcerers
  A wolf spider (Vaults:2)
  A wolf spider zombie (D:15)
  A worldbinder (Abyss:2)
  9 cyclopes
  13 manticores
  19 salamanders
  5 vault sentinels
  10 fauns
  35 black mambas
  An elephant (Lair:5)
  2 human skeletons (Vaults:2)
  2 guardian serpents
  9 merfolk sirens
  14 naga magi
  A spiny frog (shapeshifter) (Vaults:1)
  6 water nymphs
  6 spiny frogs
  2 gargoyles
  3 freezing wraiths
  6 kobold demonologists
  A rime drake (Lair:6)
  14 yaktaurs
  9 komodo dragons
  3 ancient zymes (Abyss:1)
  9 trolls
  25 merfolk
  A meliai (Lair:5)
  3 wind drakes
  A meliai zombie (D:14)
  A snapping turtle (Shoals:1)
  15 hippogriffs
  2 dream sheep (Shoals:3)
  13 raiju
  11 slime creatures
  3 vampires
  A shadow (D:14)
  6 water elementals
  An air elemental (Abyss:1)
  2 wyverns
  69 yaks
  A human (shapeshifter) (Vaults:2)
  A large abomination (Abyss:1)
  2 wraiths (D:11)
  2 basilisks
  A fire bat (Abyss:1)
  2 fire elementals (Orc:2)
  2 hungry ghosts
  6 vampire mosquitoes (D:12)
  A basilisk (shapeshifter) (Vaults:2)
  A chaos spawn (Abyss:2)
  A neqoxec (Abyss:2)
  33 nagas
  5 wargs
  5 acid dragons
  21 water moccasins
  7 porcupines
  4 hell hounds
  33 orc warriors
  3 sky beasts
  2 ice beasts
  A black bear (D:10)
  2 eyes of draining
  3 phantoms
  11 wolves
  21 ogres
  19 centaurs
  22 crocodiles
  22 bullfrogs
  7 big kobolds
  4 gnoll sergeants (D:9)
  2 glowing shapeshifter simulacra (Vaults:2)
  3 scorpions
  4 small abominations
  10 wights
  21 killer bees
  3 electric eels
  3 howler monkeys
  3 lava snakes (Snake:4)
  7 crimson imps
  13 hounds
  2 quasits (Abyss:1)
  2 centaur zombies
  A human simulacrum (Vaults:2)
  6 jellies
  A bullfrog zombie (D:12)
  2 gnoll shamans (D:9)
  21 orc priests
  2 bullfrog skeletons
  An iron imp (Abyss:1)
  31 orc wizards
  5 centaur skeletons
  Ijyb (D:4)
  2 iguanas
  18 worker ants
  A killer bee zombie (D:8)
  A hound zombie (D:5)
  28 gnolls
  A worker ant zombie (D:11)
  20 adders
  6 shadow imps
  A white imp (Abyss:1)
  3 oozes
  An adder skeleton (D:7)
  A worm (D:6)
  A dart slug (D:1)
  6 leopard geckos
  81 orcs
  6 giant cockroaches
  6 goblins
  7 hobgoblins
  14 jackals
  3 quokkas
  4 ball pythons
  6 bats
  5 frilled lizards
  35 kobolds
  A leopard gecko skeleton (D:5)
  A quokka zombie (D:7)
  3 rats
  5 fungi
  5 plants
  A starspawn tentacle (Abyss:2)
  A tentacle (Shoals:3)
1223 creatures vanquished.

Vanquished Creatures (others)
  Vashnia (Snake:2)
  5 nagarajas
  7 naga warriors (Snake:4)
  10 naga sharpshooters
  3 naga ritualists (Snake:4)
  17 black mambas
  A guardian serpent (Snake:2)
  14 naga magi
  8 nagas
  10 water moccasins (Snake:2)
  An orc warrior (Orc:2)
  A lava snake (Snake:4)
  An orc wizard (D:10)
  A gnoll (D:9)
  An orc (D:10)
  A bush (Lair:6)
  12 fungi
  2 lurking horrors (Abyss:1)
  21 plants
  20 starspawn tentacles
  6 tentacles (Shoals:3)
143 creatures vanquished.

Grand Total: 1366 creatures vanquished

Notes
Turn   | Place    | Note
-------+----------+-------------------------------------------
     0 | Abyss:1  | Qrupt the Hill Orc Abyssal Knight began the quest for the
                  | Orb.
     0 | Abyss:1  | Reached XP level 1. HP: 19/19 MP: 2/2
    41 | Abyss:1  | Noticed a spatial maelstrom
    61 | Abyss:1  | Noticed a blizzard demon
    62 | D:1      | Escaped the Abyss
   432 | D:1      | Reached XP level 2. HP: 24/27 MP: 3/3
   588 | D:1      | Reached * piety under Lugonu
   805 | D:2      | Reached XP level 3. HP: 33/33 MP: 4/4
  1044 | D:2      | Found a blossoming altar of Fedhas.
  1225 | D:2      | Found a faded altar of an unknown god.
  1270 | D:2      | Found a hide-covered altar of Uskayaw.
  1301 | D:2      | Reached XP level 4. HP: 39/41 MP: 5/5
  1594 | D:2      | Found a glowing golden altar of the Shining One.
  1594 | D:2      | Found a snail-covered altar of Cheibriados.
  1798 | D:3      | Noticed a bullfrog
  1809 | D:3      | Killed a bullfrog
  1809 | D:3      | Reached skill level 5 in Fighting
  1809 | D:3      | Reached XP level 5. HP: 36/48 MP: 6/6
  2124 | D:3      | Reached ** piety under Lugonu
  2466 | D:4      | Reached skill level 1 in Axes
  2499 | D:4      | Reached XP level 6. HP: 55/56 MP: 7/7
  2527 | D:4      | Noticed Ijyb
  2537 | D:4      | Killed Ijyb
  2537 | D:4      | Reached skill level 2 in Axes
  2740 | D:4      | Found Ymotil's Jewellery Shoppe.
  2748 | D:4      | Bought a +2 ring of evasion for 120 gold pieces
  3149 | D:5      | Entered Level 5 of the Dungeon
  3255 | D:5      | Reached skill level 3 in Axes
  3339 | D:5      | Reached XP level 7. HP: 53/63 MP: 8/8
  3412 | D:5      | Reached skill level 4 in Axes
  3412 | D:5      | Reached skill level 5 in Armour
  3541 | D:5      | Found a shimmering altar of Xom.
  3596 | D:5      | Reached skill level 5 in Axes
  3739 | D:5      | Reached XP level 8. HP: 65/73 MP: 9/9
  4210 | D:6      | Identified a +0 pair of boots of running (You found it on
                  | level 6 of the Dungeon)
  4332 | D:6      | Reached skill level 6 in Axes
  4350 | D:6      | Reached *** piety under Lugonu
  4419 | D:6      | Found a stormy altar of Qazlal.
  4853 | D:6      | Reached skill level 7 in Axes
  4981 | D:6      | Reached XP level 9. HP: 70/82 MP: 10/10
  5121 | D:7      | Found a staircase to the Ecumenical Temple.
  5295 | D:7      | Found an ornate altar of the Wu Jian Council.
  5429 | D:7      | Found a shattered altar of Ashenzari.
  5430 | D:7      | Noticed an oklob plant
  5526 | D:8      | Found an iron altar of Okawaru.
  5536 | D:8      | Noticed Erica
  5571 | D:8      | Killed Erica
  5571 | D:8      | Reached skill level 8 in Axes
  5864 | D:8      | Found a staircase to the Lair.
  5892 | D:8      | Reached skill level 9 in Axes
  5906 | D:8      | Reached skill level 10 in Fighting
  6137 | D:8      | Found a radiant altar of Vehumet.
  6143 | D:8      | Reached XP level 10. HP: 86/93 MP: 11/11
  6344 | D:8      | Found an opulent altar of Gozag.
  6350 | D:8      | Found a shadowy altar of Dithmenos.
  6369 | D:8      | Reached **** piety under Lugonu
  6475 | D:8      | Reached skill level 10 in Axes
  6958 | Lair:1   | Entered Level 1 of the Lair of Beasts
  7004 | Lair:1   | Noticed a five-headed hydra
  7054 | Lair:1   | Killed a one-headed hydra
  7356 | Lair:1   | Noticed a spiny frog
  7368 | Lair:1   | Killed a spiny frog
  7682 | Lair:1   | Reached skill level 11 in Axes
  7682 | Lair:1   | Reached skill level 10 in Armour
  8113 | Lair:1   | Got a warped scale mail
  8124 | Lair:1   | Identified the +0 scale mail of Vullow {+Blink rF+ Dex+2
                  | SInv} (You found it on level 1 of the Lair of Beasts)
  8399 | Lair:1   | Reached XP level 11. HP: 104/104 MP: 12/12
  9073 | Lair:2   | Reached skill level 12 in Axes
  9467 | Lair:2   | Noticed a seven-headed hydra
  9528 | Lair:2   | Killed a one-headed hydra
  9856 | Lair:2   | Noticed a manticore
  9865 | Lair:2   | Killed a manticore
 10019 | Lair:2   | Found a staircase to the Shoals.
 10888 | Lair:3   | Noticed Nergalle
 10936 | Lair:3   | Reached skill level 13 in Axes
 10939 | Lair:3   | Killed Nergalle
 10943 | Lair:3   | Reached XP level 12. HP: 115/115 MP: 13/13
 11620 | Lair:4   | Found a runed translucent door.
 11620 | Lair:4   | Noticed Nilosor's ghost (journeyman DrAE)
 11662 | Lair:4   | Noticed a five-headed hydra
 11827 | Lair:4   | Killed a one-headed hydra
 12250 | Lair:4   | Reached ***** piety under Lugonu
 12279 | Lair:4   | Got a warped cloak
 12290 | Lair:4   | Identified the +1 cloak of the Gloaming {rElec Str+4 Int-3
                  | Slay+2} (You found it on level 4 of the Lair of Beasts)
 12307 | Lair:4   | Noticed a seven-headed hydra
 12322 | Lair:4   | Killed a one-headed hydra
 12322 | Lair:4   | Reached skill level 14 in Axes
 12414 | Lair:4   | Noticed Nessos
 12431 | Lair:4   | Killed Nessos
 12622 | Lair:4   | Found a staircase to the Snake Pit.
 13226 | Lair:4   | Got a steaming leather armour
 13295 | Lair:4   | Killed Nilosor's ghost
 13565 | Lair:4   | Identified the +1 leather armour of Modesty {rElec rCorr
                  | Dex-4} (You found it on level 4 of the Lair of Beasts)
 13613 | Lair:5   | Noticed Rupert
 13617 | Lair:5   | Paralysed by Rupert for 5 turns
 13749 | Lair:4   | Upgraded the game from 0.24-a0-639-gb70a11d811 to
                  | 0.24-a0-640-ge7cd8ce796
 13754 | Lair:5   | Noticed Sonja
 14089 | D:9      | Got an encrusted demon blade
 14090 | D:9      | Identified the cursed +3 demon blade "Duaxiad" {flame,
                  | MP+9} (You found it on level 9 of the Dungeon)
 14150 | D:9      | Reached XP level 13. HP: 105/125 MP: 14/14
 14414 | D:9      | Found a white marble altar of Elyvilon.
 14546 | D:9      | Reached skill level 5 in Invocations
 14891 | D:10     | Entered Level 10 of the Dungeon
 14935 | D:10     | Noticed Gastronok
 14952 | D:10     | Killed Gastronok
 15024 | D:10     | Noticed Erolcha
 15065 | D:10     | Killed Erolcha
 15561 | D:10     | Found a staircase to the Orcish Mines.
 15850 | D:10     | Noticed Urug
 15878 | D:10     | Killed Urug
 15878 | D:10     | Reached skill level 10 in Invocations
 16330 | Orc:1    | Entered Level 1 of the Orcish Mines
 16330 | Orc:1    | Noticed an ettin
 16346 | D:10     | Killed an ettin
 16346 | D:10     | Reached ****** piety under Lugonu
 17727 | D:12     | Gained mutation: You are frail. (-10% HP) [a neqoxec]
 17907 | D:12     | Reached XP level 14. HP: 112/119 MP: 24/24
 19000 | D:13     | Found a portal to a secret trove of treasure.
 19190 | D:13     | Reached skill level 15 in Axes
 19989 | Lair:5   | Cast into level 1 of the Abyss (Sonja)
 20051 | Abyss:1  | Noticed a starcursed mass
 20061 | Abyss:1  | Noticed a bone dragon
 20072 | Lair:5   | Escaped the Abyss
 20123 | Lair:5   | HP: 8/178 [black mamba (10)]
 20404 | Lair:5   | Reached skill level 15 in Fighting
 20519 | Lair:5   | Noticed Sonja
 20519 | Lair:5   | Sonja changed into Sonja the meliai
 20524 | Lair:5   | Killed Sonja the meliai
 21214 | Lair:5   | Killed Rupert
 21271 | Lair:5   | Found a runed translucent gate.
 21271 | Lair:5   | Found a runed translucent gate.
 21272 | Lair:5   | Found a runed translucent gate.
 21283 | Lair:5   | Noticed Gicu's ghost (journeyman MiFi)
 21392 | Lair:5   | Identified a scroll of acquirement
 21431 | Lair:6   | Entered Level 6 of the Lair of Beasts
 22550 | Lair:6   | Reached skill level 16 in Axes
 23176 | Lair:6   | Reached XP level 15. HP: 128/128 MP: 26/26
 23852 | Lair:6   | Identified the Grimoire of Creative Ignition
 24373 | D:4      | Bought an uncursed ring of poison resistance for 240 gold
                  | pieces
 24539 | Snake:1  | Entered Level 1 of the Snake Pit
 24630 | Snake:1  | Got a shimmering cloak
 25506 | Snake:1  | Identified the -3 cloak "Dunuv" {rElec rN+ rCorr Str+2}
                  | (You found it on level 1 of the Snake Pit)
 25694 | Snake:2  | Noticed Vashnia
 25932 | Snake:2  | Corrupted Snake:2
 25932 | Snake:2  | Noticed a tentacled starspawn
 25932 | Snake:2  | Noticed a deep elf elementalist
 25932 | Snake:2  | Noticed a cacodemon
 25938 | Snake:2  | Noticed a tentacled starspawn
 25939 | Snake:2  | Noticed a tentacled starspawn
 25992 | Snake:2  | Killed Vashnia
 26011 | Snake:2  | Killed a nagaraja
 26577 | Snake:2  | Noticed Jorgrun
 26590 | Snake:2  | Killed Jorgrun
 26590 | Snake:2  | Reached skill level 15 in Armour
 26888 | Snake:3  | Reached skill level 17 in Axes
 27292 | Snake:3  | Noticed a nagaraja
 27685 | Snake:3  | Found Nedyf's Food Shop.
 27900 | Snake:3  | Got a warped helmet
 27928 | Snake:3  | Identified the cursed +0 helmet "Utig" {Int+3 Dex+4} (You
                  | found it on level 3 of the Snake Pit)
 28762 | Snake:3  | Reached XP level 16. HP: 108/139 MP: 27/27
 28892 | Snake:3  | Killed a nagaraja
 28933 | Snake:4  | Entered Level 4 of the Snake Pit
 29394 | Snake:3  | Reached skill level 18 in Axes
 30520 | Snake:4  | Found a shattered altar of Ashenzari.
 30529 | Snake:4  | Found Farepp's Antique Weapon Emporium.
 31698 | Snake:4  | Noticed a nagaraja
 31747 | Snake:4  | Killed a nagaraja
 33483 | Snake:4  | Noticed a nagaraja
 33499 | Snake:4  | Killed a nagaraja
 33502 | Snake:4  | Noticed a nagaraja
 33502 | Snake:4  | Noticed a nagaraja
 33502 | Snake:4  | Noticed a nagaraja
 33544 | Abyss:1  | Noticed a tentacled starspawn
 33794 | Abyss:1  | Reached skill level 19 in Axes
 34497 | Abyss:1  | Killed a tentacled starspawn
 34500 | Abyss:1  | Noticed a tentacled starspawn
 34501 | Abyss:1  | Reached XP level 17. HP: 98/149 MP: 28/28
 34871 | Abyss:1  | Noticed a bone dragon
 35063 | Abyss:1  | Noticed a tentacled starspawn
 35085 | D:15     | Entered Level 15 of the Dungeon
 35327 | Abyss:2  | Noticed a tentacled starspawn
 35332 | Abyss:2  | Killed a tentacled starspawn
 35365 | Snake:4  | Escaped the Abyss
 35366 | Snake:4  | Corrupted Snake:4
 35366 | Snake:4  | Noticed a bone dragon
 35371 | Snake:4  | Noticed a tentacled starspawn
 35372 | Snake:4  | Noticed a lich
 35372 | Snake:4  | Noticed a lich
 35689 | Snake:4  | Got a serpentine rune of Zot
 35918 | Lair:4   | Upgraded the game from 0.24-a0-640-ge7cd8ce796 to
                  | 0.24-a0-652-g46ecf6da75
 36633 | D:14     | Found a gate to the Vaults.
 37546 | D:15     | Entered Level 15 of the Dungeon
 37649 | D:15     | Noticed a sphinx
 37862 | D:15     | Noticed a sphinx
 37981 | D:15     | Found a staircase to the Depths.
 38566 | D:15     | Found Misut's General Store.
 38574 | D:15     | Bought a potion of heal wounds for 95 gold pieces
 38574 | D:15     | Bought a potion of heal wounds for 95 gold pieces
 39065 | Shoals:1 | Entered Level 1 of the Shoals
 39067 | Shoals:1 | Upgraded the game from 0.24-a0-652-g46ecf6da75 to
                  | 0.24-a0-715-g0b739ee41d
 39104 | Shoals:1 | Reached skill level 20 in Axes
 39724 | Shoals:1 | Identified the +1 leather armour of Sorcery {*Corrode MR-
                  | Str+8 Int+3}
 39827 | Shoals:1 | Found Hewemis's Gadget Shoppe.
 40940 | Shoals:3 | Reached XP level 18. HP: 151/158 MP: 29/29
 42418 | Shoals:4 | Entered Level 4 of the Shoals
 43642 | Shoals:4 | Got a barnacled rune of Zot
 43984 | Orc:1    | Reached skill level 21 in Axes
 44085 | Orc:2    | Entered Level 2 of the Orcish Mines
 44200 | Orc:2    | Noticed Saint Roka
 44998 | Orc:2    | Noticed Azrael
 45012 | Orc:1    | Killed Azrael
 45155 | Orc:2    | Killed Saint Roka
 45595 | Orc:2    | Found a roughly hewn altar of Beogh.
 45729 | Orc:2    | Found Cycwa's General Store.
 45747 | Orc:2    | Bought a scroll of teleportation for 39 gold pieces
 45747 | Orc:2    | Bought a potion of heal wounds for 65 gold pieces
 46031 | Orc:2    | Found Waadaqopp's Antique Armour Emporium.
 46073 | Orc:2    | Found a staircase to the Elven Halls.
 46139 | Orc:2    | Found Ekaf's Antique Weapon Emporium.
 46153 | Orc:2    | Found Zahabb's Book Emporium.
 46177 | Orc:2    | Bought a faintly glowing scale mail for 243 gold pieces
 46188 | Orc:2    | Identified the cursed +0 scale mail of Mirth {rC+} (You
                  | bought it in a shop on level 2 of the Orcish Mines)
 46924 | Vaults:1 | Entered Level 1 of the Vaults
 47472 | Vaults:2 | Reached XP level 19. HP: 47/168 MP: 30/30
 48241 | Vaults:2 | Noticed Boris
 48253 | Vaults:2 | Killed Boris
 48255 | Vaults:2 | Reached skill level 22 in Axes
 48657 | Vaults:2 | Found Guusism's Food Boutique.
 49060 | Vaults:2 | Noticed Donald
 49065 | Vaults:2 | Killed Donald
 49849 | Vaults:1 | Killed from afar by a deep elf knight

Levels and vault maps discovered:
D:1:      wander_arrival_estate, layout_rooms, hangedman_decor_clover_reticule
D:2:      layout_basic, overflow_temple_1_default, fedhas_altar_2,
          gammafunk_temple_overflow_elements, chequers_ecumenical_altar_island,
          st_stairs_6, minmay_close_crescents
D:3:      layout_loops_ring
D:4:      layout_loops_ring, first_ration, serial_shops, shop,
          kennysheep_big_empty_room, uniq_ijyb
D:5:      layout_gridville, xom_teletrap_fun
D:6:      layout_cave_pools, nicolae_qazlal_eye_of_the_storm, serial_glass,
          glass_columns_b, glass_columns_b
D:7:      layout_rooms, overflow_temple_1_default, minmay_temple_entry_mist,
          lemuel_oklob_altar
D:8:      layout_basic, lemuel_doored_altar, nicolae_dithmenos_the_darkroom,
          old_standard_altar, nicolae_overflow_hidden_temple,
          david_lair_generic, uniq_erica
D:9:      layout_cross, kennysheep_mini_moat, serial_gnoll_camp,
          gnoll_camp_medium_02, gnoll_camp_huts_moat, gnoll_camp_mini_doghouse,
          gnoll_camp_mini_hut
D:10:     layout_rooms, david_orc_4, uniq_gastronok, uniq_erolcha, uniq_urug
D:11:     minmay_general_purpose_star, layout_cave_pools
D:12:     layout_cave_pods, grunt_livestock
D:13:     layout_irregular_city, enter_trove_3
D:14:     layout_cave_pools, david_vaults_2
D:15:     grunt_enter_depths_snipers, layout_basic, serial_shops, shop,
          minivault_25, nicolae_two_hexagons, minivault_12
Lair:1:   layout_cave_pods, minivault_19
Lair:2:   layout_cave_pods, minmay_shoals_entry_beasts
Lair:3:   layout_cave_pods, beast_lair_carwin_2, uniq_nergalle
Lair:4:   layout_misc_corridors, minmay_snake_entry_six_corridors,
          hellmonk_ghost_happy_afterlife, serial_bayou_ford_a, st_stairs_11,
          uniq_nessos
Lair:5:   layout_roguey, gammafunk_ghost_necromancy, beast_lair_carwin_7,
          grunt_megastairs_5, infiniplex_staircase_pool, uniq_rupert, uniq_sonja
Lair:6:   evilmike_catoblepas_cave, layout_loops_ring,
          minmay_slime_entry_oklob_enclosed
Shoals:1: layout_shoals, serial_shops, shop
Shoals:2: layout_shoals, ldierk_geyser, nicolae_shoals_stone_sculpture_thing
Shoals:3: layout_shoals, nicolae_shoals_mertower
Shoals:4: shoals_end_simple, layout_shoals
Snake:1:  layout_concentric_octagons, portal_ice_cave_entry_ice_statue_one
Snake:2:  layout_rooms, hangedman_venom_bottle, uniq_jorgrun, uniq_vashnia
Snake:3:  layout_rooms, serial_shops, shop
Snake:4:  snake_pit, layout_basic, basic_altar, serial_shops, shop,
          nicolae_snake_squiggles, grunt_ministairs_1
Orc:1:    layout_caves
Orc:2:    grunt_orc_cross, layout_diamond_mine, rock_pile, uniq_azrael
Vaults:1: vaults_room_grunt_arrival_ludios, v_misc_10, ontoclasm_vaults_gateway,
          vaults_mumra_chevron_long, grunt_vaults_focal, v_misc_11,
          sword_in_stone, ontoclasm_vaults_chip, layout_vaults_quadrants
Vaults:2: v_misc_2, v_misc_28, minmay_crypt_entry_simple_walls, v_pattern_3,
          st_lattice, grunt_vaults_bifocal, hangedman_vaults_snaps,
          nicolae_vaults_network_square, ontoclasm_vaults_ring_square,
          v_rooms_3, layout_vaults_maze_bifur, serial_shops, shop, uniq_donald,
          uniq_boris

Skill      XL: |  1  2  3  4  5  6  7  8  9 10 11 12 13 14 15 16 17 18 19 |
---------------+----------------------------------------------------------+-----
Fighting       | 4 5 6 7 8 10 11 13 14 15 17 18 19 20 21 | 21.5
Long Blades    | 3 4 |  4.0
Armour         | 3 4 5 7 8 10 11 13 14 15 16 17 19 | 19.8
Axes           | 1 3 5 7 9 11 13 14 16 17 19 20 21 22 | 22.5
Invocations    | 13 14 | 14.8
Dodging        | |  0.7

Action                   |  1- 3 |  4- 6 |  7- 9 | 10-12 | 13-15 | 16-18 | 19-21 || total
-------------------------+-------+-------+-------+-------+-------+-------+-------++-------
Melee: Falchion          |    92 |    64 |       |       |       |       |       ||   156
       War axe           |       |    93 |   280 |   599 |   805 |       |       ||  1777
       Unarmed           |       |     6 |       |       |       |       |       ||     6
       Scimitar          |       |       |       |    40 |    26 |       |       ||    66
       Demon blade       |       |       |       |    12 |     4 |       |       ||    16
       Battleaxe         |       |       |       |       |   426 |  1393 |   294 ||  2113
Invok: Depart the Abyss  |     1 |       |       |       |     1 |     1 |       ||     3
       Corrupt           |       |       |       |       |     1 |     1 |       ||     2
       Enter the Abyss   |       |       |       |       |       |     1 |       ||     1
Evoke: Wand              |       |       |       |    10 |    12 |     6 |       ||    28
  Use: Scroll            |       |       |    10 |     6 |    10 |    17 |     1 ||    44
       Potion            |       |       |       |     1 |     8 |    20 |       ||    29
 Stab: Confused          |       |       |       |     7 |       |       |       ||     7
       Invisible         |       |       |       |       |       |     8 |       ||     8
  Eat: Chunk             |     1 |     7 |     5 |    19 |    29 |    24 |     3 ||    88
       Ration            |       |       |     1 |     2 |     5 |    11 |     1 ||    20
Armor: Leather armour    |     3 |       |       |       |       |       |       ||     3
       Pearl dragon scal |    56 |   112 |   179 |   411 |   672 |   170 |       ||  1600
       Scale mail        |       |       |       |     1 |       |       |       ||     1
       Skin              |       |       |       |       |     2 |       |       ||     2
       Crystal plate arm |       |       |       |       |       |   748 |       ||   748
       Plate armour      |       |       |       |       |       |    61 |   142 ||   203
Dodge: Dodged            |    52 |    96 |   155 |   372 |   655 |   491 |    64 ||  1885
Block: Other             |       |       |    28 |    92 |   133 |   128 |    26 ||   407
       Reflection        |       |       |       |     1 |    15 |    17 |     6 ||    39
       Rpst.: Falchion   |    14 |    11 |       |       |       |       |       ||    25
       Demon blade       |       |       |       |     5 |       |       |       ||     5
       Scimitar          |       |       |       |       |     2 |       |       ||     2

Table legend:
 A = Non-vault XP
 B = Vault XP
 C = Vault XP percentage of total XP
 D = Non-vault monster count
 E = Vault monster count
 F = Vault count percentage of total count
                 A         B        C        D         E       F
            +---------+---------+-------+---------+---------+-------
      Total |  287514 |  101186 |  26.0 |     967 |     250 |  20.5
            +---------+---------+-------+---------+---------+-------
        D:1 |      30 |       0 |   0.0 |      14 |       0 |   0.0
        D:2 |      42 |      17 |  28.8 |      14 |       4 |  22.2
        D:3 |     153 |       0 |   0.0 |      20 |       0 |   0.0
        D:4 |     232 |      38 |  14.1 |      13 |       1 |   7.1
        D:5 |     731 |       0 |   0.0 |      20 |       0 |   0.0
        D:6 |     815 |       0 |   0.0 |      26 |       0 |   0.0
        D:7 |     776 |       0 |   0.0 |      17 |       0 |   0.0
        D:8 |    1232 |    1726 |  58.4 |      29 |       5 |  14.7
        D:9 |    3018 |    1195 |  28.4 |      35 |      46 |  56.8
       D:10 |    4590 |    4973 |  52.0 |      31 |      21 |  40.4
       D:11 |    6086 |     623 |   9.3 |      40 |       6 |  13.0
       D:12 |    6704 |       0 |   0.0 |      57 |       0 |   0.0
       D:13 |    8224 |       0 |   0.0 |      34 |       0 |   0.0
       D:14 |    4528 |    1740 |  27.8 |      17 |       3 |  15.0
       D:15 |    9983 |    3292 |  24.8 |      32 |       3 |   8.6
     Lair:1 |    4754 |       0 |   0.0 |      24 |       0 |   0.0
     Lair:2 |    3203 |     776 |  19.5 |      14 |       2 |  12.5
     Lair:3 |    5343 |    1209 |  18.5 |      29 |       6 |  17.1
     Lair:4 |    4088 |    5671 |  58.1 |      18 |      19 |  51.4
     Lair:5 |    3755 |    7221 |  65.8 |      11 |       9 |  45.0
     Lair:6 |    8750 |   11564 |  56.9 |      33 |      23 |  41.1
   Shoals:1 |   11173 |       0 |   0.0 |      23 |       0 |   0.0
   Shoals:2 |   13053 |       0 |   0.0 |      26 |       0 |   0.0
   Shoals:3 |   19732 |     614 |   3.0 |      34 |       2 |   5.6
   Shoals:4 |    4694 |    8132 |  63.4 |       8 |      10 |  55.6
    Snake:1 |    5963 |       0 |   0.0 |      15 |       0 |   0.0
    Snake:2 |    4490 |    2991 |  40.0 |       7 |       2 |  22.2
    Snake:3 |   27794 |    1355 |   4.6 |      47 |       2 |   4.1
    Snake:4 |   33891 |    2996 |   8.1 |      69 |       9 |  11.5
      Orc:1 |    3498 |    2075 |  37.2 |      43 |       8 |  15.7
      Orc:2 |    2024 |   10372 |  83.7 |      17 |      34 |  66.7
   Vaults:1 |   13589 |    6549 |  32.5 |      19 |       7 |  26.9
   Vaults:2 |   48444 |   26057 |  35.0 |      85 |      28 |  24.8
    Abyss:1 |   17079 |       0 |   0.0 |      34 |       0 |   0.0
    Abyss:2 |    5053 |       0 |   0.0 |      12 |       0 |   0.0
            +---------+---------+-------+---------+---------+-------
